 Dungeon Crawl Stone Soup version bcrawl-1.41.1 (webtiles) character file.

Game seed: 11567354431139882543

162549 Grimmash the Sneak (level 6, -5/55 HPs)
             Began as a Naga Archaeologist on Apr 20, 2024.
             Slain by Blork the orc
             ... wielding a +0 glaive
              (9 damage)
             ... on level 4 of the Dungeon.
             The game lasted 00:03:07 (3087 turns).

Grimmash the Sneak (Naga Archaeologist)             Turns: 3087, Time: 00:03:08

Health: -5/55      AC:  5    Str: 13    XL:     6   Next: 24%
Magic:  8/8        EV: 10    Int: 22    God:
Gold:   164        SH:  0    Dex: 11    Spells: 8/8 levels left

rFire    . . .     GDR:     24% a - +8 battleaxe of Dim Light {speed, rN+ Dex+2}
rCold    . . .     SeeInvis +   (shield currently unavailable)
rNeg     + . .     Gourm    .   c - +1 robe
rPois    +         Faith    .   d - +1 hat
rElec    .         Spirit   .   (no cloak)
rCorr    .         Reflect  .   (no gloves)
MR       .....                  (no barding)
Stlth    +++.......             (no amulet)
HPRegen  0.19/turn              l - +5 ring of intelligence
MPRegen  0.11/turn              (no ring)

@: very slow
A: large, tail, swims, see invisible, deformed body, poison resistance, slowness
2, slow metabolism 1, spit poison 1, AC +2
a: Spit Poison


You were on level 4 of the Dungeon.
You were hungry.

You visited 1 branch of the dungeon, and saw 4 of its levels.

You collected 164 gold pieces.

Inventory:

Hand Weapons
 a - the +8 battleaxe of Dim Light (weapon) {speed, rN+ Dex+2}
   (You acquired it on level 4 of the Dungeon)

   Attacks with this weapon are significantly faster.
   It affects your dexterity (+2).
   It protects you from negative energy.
 b - a +0 hunting sling of freezing
 y - a +0 blowgun
Missiles
 f - 2 curare-tipped needles
 j - 49 poisoned needles
 m - 29 poisoned tomahawks (quivered)
 q - 65 needles of frenzy {=f}
 s - 221 sling bullets
Armour
 c - a +1 robe (worn)
 d - a +1 hat (worn)
 p - a +1 robe
 w - a +0 plate armour
Jewellery
 l - a +5 ring of intelligence (left hand)
Scrolls
 g - a scroll of revelation
 i - a scroll of identify
 o - 3 scrolls of remove curse {unknown}
 r - a scroll of noise {unknown}
 u - 2 scrolls of enchant weapon {unknown}
 x - a scroll of fog {unknown}
Potions
 k - a potion of agility {unknown}
 n - 2 potions of curing {unknown}
 t - 2 potions of haste {unknown}
 v - a potion of ambrosia {unknown}
 z - 2 potions of degeneration {unknown}
Comestibles
 e - 6 rations {!d}


   Skills:
 * Level 2.8 Fighting
   Level 0.8 Short Blades
 * Level 0.8(1.1) Axes
   Level 1.0(1.2) Maces & Flails
 + Level 1.8 Slings
 * Level 1.5 Armour
 * Level 3.1 Dodging
 + Level 5.3 Stealth
   Level 0.9 Shields
 * Level 1.6 Spellcasting


You had 8 spell levels left.
You didn't know any spells.
Your spell library was empty.

Dungeon Overview and Level Annotations

Branches:
Dungeon (4/12)
 Temple: D:4-7

Altars:
Dithmenos
Elyvilon

Annotations:
D:4 Blork the orc


Innate Abilities, Weirdness & Mutations

You cannot wear boots.
You can swim through water.
Your serpentine skin is tough. (AC +2)
You have supernaturally acute eyesight. (SInv)
Armour fits poorly on your strangely shaped body.
Your system is resistant to poisons. (rPois)
You cover ground very slowly.
You have a slow metabolism.
You can spit poison.


Message History

Beogh smites you!
* * * LOW HITPOINT WARNING * * *
You are too injured to fight recklessly!
No path to travel!
You are too injured to fight recklessly!
No path to travel!
You are too injured to fight recklessly!
No path to travel!
You are too injured to fight recklessly!
You slash the orc!
You kill the orc!
An orc comes into view. It is wielding a +0 club.
An orc comes into view. It is wielding a -3 mace.
No path to travel!
You are too injured to fight recklessly!
The orc priest barely misses you.
Blork the orc looks satisfied for a moment.
The orc priest hits you but does no damage.
Blork the orc hits you from afar with a +0 glaive!
You die...

..... .....
.#########...## ##
...........#..# #.
...........#^.# #.
...........#..#########.
......................#.
..o.....(.............##
...oo.o@).#...........#
........))#...........#
.....o....#...........#
..........#...........#
..........#...........##
.?......................
..........#...........##
###......##......>......
#...........##


You could see Blork the orc, an orc priest and 3 orcs.

Vanquished Creatures
  A sky beast (D:4)
  A hound (D:4)
  An iguana (D:4)
  An orc wizard (D:4)
  A gnoll (D:2)
  An ooze (D:2)
  2 worms
  3 dart slugs
  4 leopard geckos
  6 orcs (D:4)
  3 giant cockroaches
  5 hobgoblins
  7 jackals
  3 quokkas
  2 ball pythons
  4 bats
  7 frilled lizards
  5 goblins
  6 kobolds
  3 rats (D:2)
66 creatures vanquished.

Notes
Turn   | Place    | Note
-------+----------+-------------------------------------------
     0 | D:1      | Grimmash the Naga Archaeologist began the quest for the
                  | Orb.
     0 | D:1      | Reached XP level 1. HP: 18/18 MP: 1/1
   116 | D:1      | Reached skill level 5 in Stealth
   217 | D:1      | Reached XP level 2. HP: 22/25 MP: 1/2
   732 | D:1      | Reached XP level 3. HP: 31/31 MP: 1/3
  1539 | D:2      | Found a faded altar of an unknown god.
  1755 | D:3      | Reached XP level 4. HP: 39/39 MP: 4/4
  2021 | D:3      | Reached skill level 1 in Armour
  2182 | D:3      | Reached skill level 1 in Spellcasting
  2361 | D:3      | Found a shadowy altar of Dithmenos.
  2691 | D:4      | Noticed a sky beast
  2710 | D:4      | Killed a sky beast
  2711 | D:4      | Reached skill level 1 in Slings
  2711 | D:4      | Reached XP level 5. HP: 8/46 MP: 2/6
  2711 | D:4      | Identified a scroll of acquirement
  2711 | D:4      | Identified the +8 battleaxe of Dim Light {speed, rN+ Dex+2}
                  | (You acquired it on level 4 of the Dungeon)
  2862 | D:4      | Found a white marble altar of Elyvilon.
  3081 | D:4      | Reached XP level 6. HP: 37/55 MP: 8/8
  3083 | D:4      | Noticed Blork the orc
  3087 | D:4      | Slain by Blork the orc

Skill      XL: |  1  2  3  4 |
---------------+-------------+-----
Stealth        | 5 |  5.3
Armour         | 1 |  1.5
Spellcasting   | 1 |  1.6
Fighting       | 2 |  2.8
Slings         | 1 |  1.8
Dodging        | 3 |  3.1
Short Blades   | |  0.8
Axes           | |  0.8
Maces & Flails | |  1.0
Shields        | |  0.9

Action                   |  1- 3 |  4- 6 || total
-------------------------+-------+-------++-------
Melee: Short sword       |    86 |     8 ||    94
       Whip              |    12 |       ||    12
       Battleaxe         |       |    18 ||    18
 Fire: Hunting sling     |    31 |    47 ||    78
       Blowgun           |    14 |     4 ||    18
 Abil: Spit Poison       |     1 |       ||     1
  Use: Scroll            |     1 |     1 ||     2
 Stab: Sleeping          |     3 |     2 ||     5
  Eat: Chunk             |     2 |     6 ||     8
       Ration            |     1 |       ||     1
Armor: Robe              |    29 |    19 ||    48
Dodge: Dodged            |    49 |    28 ||    77
Block: Buckler           |     6 |     8 ||    14
